| TOP OF THE 1ST |
|
Americus Braves batting - Pitching for Amarillo ThunderHeads : RHP Anastagio Fasola
|
|
Pitching: RHP Anastagio Fasola
|
|
|
Batting: RHB Joe Young
|
0-0: Ground out 4-3 (Groundball, 4, EV 106.9 MPH)
|
|
Batting: SHB Jose Melendez
|
0-0: Foul Ball, location: 2F 0-1: Ball 1-1: Called Strike 1-2: Foul Ball, location: 2F 1-2: Ball 2-2: Ball 3-2: Strikes out swinging
|
|
Batting: RHB Hisayuki Akiyama
|
0-0: Ball 1-0: SOLO HOME RUN (Line Drive, 78XD, EV 115.0 MPH), Distance : 410 ft
|
|
Batting: LHB Erik Gretzky
|
0-0: Swinging Strike 0-1: Ball 1-1: Foul Ball, location: 2F 1-2: SOLO HOME RUN (Flyball, 78XD, EV 99.4 MPH), Distance : 384 ft
|
|
Batting: RHB Josh McCormick
|
0-0: Foul Ball, location: 2F 0-1: Foul Ball, location: 2F 0-2: Ball 1-2: Foul Ball, location: 2F 1-2: Ball 2-2: Strikes out looking
|
| Top of the 1st over - 2 runs, 2 hits, 0 errors, 0 left on base; Americus 2 - Amarillo 0 |
| BOTTOM OF THE 1ST |
|
Amarillo ThunderHeads batting - Pitching for Americus Braves : RHP Ioakim Mozgo
|
|
Pitching: RHP Ioakim Mozgo
|
|
|
Batting: RHB Luis Reyna
|
0-0: Called Strike 0-1: Fly out, F4 (Flyball, 4MD, EV 91.9 MPH)
|
|
Batting: RHB Ron Squires
|
0-0: Foul Ball, location: 2F 0-1: Foul Ball, location: 2F 0-2: Ball 1-2: Strikes out looking
|
|
Batting: RHB Nick Solberg
|
0-0: Ground out 6-3 (Groundball, 6, EV 82.5 MPH)
|
| Bottom of the 1st over - 0 runs, 0 hits, 0 errors, 0 left on base; Americus 2 - Amarillo 0 |
| TOP OF THE 2ND |
|
Americus Braves batting - Pitching for Amarillo ThunderHeads : RHP Anastagio Fasola
|
|
Batting: SHB Jordan Barragan
|
0-0: Called Strike 0-1: Ball 1-1: SOLO HOME RUN (Flyball, 9LD, EV 92.5 MPH), Distance : 332 ft
|
|
Batting: RHB Terry Hughes
|
0-0: Ball 1-0: Foul Ball, location: 2F 1-1: Swinging Strike 1-2: Strikes out swinging
|
|
Batting: RHB George Provance
|
0-0: Ball 1-0: Ball 2-0: Ground out 6-3 (Groundball, 6D, EV 104.4 MPH)
|
|
Batting: LHB Mark Dearth
|
0-0: Called Strike 0-1: Swinging Strike 0-2: Ball 1-2: Ball 2-2: Strikes out swinging
|
| Top of the 2nd over - 1 run, 1 hit, 0 errors, 0 left on base; Americus 3 - Amarillo 0 |
| BOTTOM OF THE 2ND |
|
Amarillo ThunderHeads batting - Pitching for Americus Braves : RHP Ioakim Mozgo
|
|
Batting: LHB Santino Pisanello
|
0-0: Ball 1-0: Ball 2-0: Foul Ball, location: 2F 2-1: Foul Ball, location: 2F 2-2: Foul Ball, location: 2F 2-2: Foul Ball, location: 2F 2-2: Foul Ball, location: 2F 2-2: Ball 3-2: Foul Ball, location: 2F 3-2: Foul Ball, location: 2F 3-2: Base on Balls
|
|
Batting: RHB Kelly Cole
|
0-0: Ball 1-0: Called Strike 1-1: Ball 2-1: Foul Ball, location: 2F 2-2: Foul Ball, location: 2F 2-2: Strikes out swinging
|
|
Batting: RHB Elias Sagrero
|
0-0: Ball 1-0: Swinging Strike 1-1: Ball 2-1: Swinging Strike 2-2: Strikes out looking
|
|
Batting: RHB Luis Solorzano
|
0-0: Ball 1-0: Foul Ball, location: 2F 1-1: Swinging Strike 1-2: Ball 2-2: Strikes out swinging
|
| Bottom of the 2nd over - 0 runs, 0 hits, 0 errors, 1 left on base; Americus 3 - Amarillo 0 |
| TOP OF THE 3RD |
|
Americus Braves batting - Pitching for Amarillo ThunderHeads : RHP Anastagio Fasola
|
|
Batting: RHB Joe Young
|
0-0: Ball 1-0: Foul Ball, location: 2F 1-1: Ball 2-1: Foul Ball, location: 2F 2-2: Ground out 4-3 (Groundball, 4, EV 84.4 MPH)
|
|
Batting: SHB Jose Melendez
|
0-0: Called Strike 0-1: Called Strike 0-2: Foul Ball, location: 2F 0-2: Strikes out swinging
|
|
Batting: RHB Hisayuki Akiyama
|
0-0: Ball 1-0: Ball 2-0: Ball 3-0: Base on Balls
|
|
Batting: LHB Erik Gretzky
|
0-0: Ball Hisayuki Akiyama steals 2nd base 1-0: Ball 2-0: Ball Passed Ball! Hisayuki Akiyama to third 3-0: Called Strike 3-1: Base on Balls
|
|
Batting: RHB Josh McCormick
|
0-0: Ball Passed Ball! Hisayuki Akiyama scores Erik Gretzky to second 1-0: Foul Ball, location: 2F 1-1: Ground out 6-3 (Groundball, 6, EV 108.8 MPH)
|
| Top of the 3rd over - 1 run, 0 hits, 0 errors, 1 left on base; Americus 4 - Amarillo 0 |
| BOTTOM OF THE 3RD |
|
Amarillo ThunderHeads batting - Pitching for Americus Braves : RHP Ioakim Mozgo
|
|
Batting: RHB Ferdi Schipper
|
0-0: Ball 1-0: Fly out, F8 (Line Drive, 8RM, EV 109.4 MPH)
|
|
Batting: SHB Tyler Romo
|
0-0: Called Strike 0-1: Swinging Strike 0-2: Ball 1-2: Strikes out swinging
|
|
Batting: RHB Luis Reyna
|
0-0: Ball 1-0: Swinging Strike 1-1: Ball 2-1: Swinging Strike 2-2: Ball 3-2: Strikes out swinging
|
| Bottom of the 3rd over - 0 runs, 0 hits, 0 errors, 0 left on base; Americus 4 - Amarillo 0 |
| TOP OF THE 4TH |
|
Americus Braves batting - Pitching for Amarillo ThunderHeads : RHP Anastagio Fasola
|
|
Batting: SHB Jordan Barragan
|
0-0: Ball 1-0: Ball 2-0: Ball 3-0: Base on Balls
|
|
Batting: RHB Terry Hughes
|
0-0: Swinging Strike 0-1: Grounds into double play, 4-6-3 (Groundball, 4, EV 88.1 MPH)
|
|
Batting: RHB George Provance
|
0-0: Ball 1-0: Called Strike 1-1: Fly out, F9 (Flyball, 9, EV 87.5 MPH)
|
| Top of the 4th over - 0 runs, 0 hits, 0 errors, 0 left on base; Americus 4 - Amarillo 0 |
| BOTTOM OF THE 4TH |
|
Amarillo ThunderHeads batting - Pitching for Americus Braves : RHP Ioakim Mozgo
|
|
Batting: RHB Ron Squires
|
0-0: Ball 1-0: Ball 2-0: Ball 3-0: Called Strike 3-1: Base on Balls
|
|
Batting: RHB Nick Solberg
|
0-0: Ball 1-0: SINGLE (Line Drive, 9S, EV 91.9 MPH) Ron Squires to second
|
|
Batting: LHB Santino Pisanello
|
0-0: Ball 1-0: Ground out 5-3 (Groundball, 5S, EV 69.4 MPH) Ron Squires to third Nick Solberg to second
|
|
Batting: RHB Kelly Cole
|
0-0: Called Strike 0-1: Ground out 6-3 (Groundball, 6, EV 86.3 MPH) Ron Squires scores Nick Solberg to third
|
|
Batting: RHB Elias Sagrero
|
0-0: Foul Ball, location: 2F 0-1: Swinging Strike 0-2: Ball 1-2: Strikes out swinging
|
| Bottom of the 4th over - 1 run, 1 hit, 0 errors, 1 left on base; Americus 4 - Amarillo 1 |
| TOP OF THE 5TH |
|
Americus Braves batting - Pitching for Amarillo ThunderHeads : RHP Anastagio Fasola
|
|
Batting: LHB Mark Dearth
|
0-0: Ball 1-0: SINGLE (Line Drive, 34D, EV 104.4 MPH)
|
|
Batting: RHB Joe Young
|
0-0: Swinging Strike 0-1: Swinging Strike Passed Ball! Mark Dearth to second 0-2: Ball 1-2: Foul Ball, location: 2F 1-2: Ball 2-2: Fly out, F9 (Flyball, 9S, EV 85.0 MPH)
|
|
Batting: SHB Jose Melendez
|
0-0: Called Strike 0-1: Swinging Strike 0-2: Ball 1-2: Strikes out swinging
|
|
Pitching: LHP Victor Carde
|
|
|
Batting: RHB Hisayuki Akiyama
|
0-0: Ball 1-0: Ball 2-0: Foul Ball, location: 2F 2-1: Ball 3-1: Foul Ball, location: 2F 3-2: Fly out, F8 (Flyball, 8LM, EV 91.9 MPH)
|
| Top of the 5th over - 0 runs, 1 hit, 0 errors, 1 left on base; Americus 4 - Amarillo 1 |
| BOTTOM OF THE 5TH |
|
Amarillo ThunderHeads batting - Pitching for Americus Braves : RHP Ioakim Mozgo
|
|
Batting: RHB Luis Solorzano
|
0-0: Called Strike 0-1: Called Strike 0-2: Ball 1-2: Ball 2-2: Ground out 6-3 (Groundball, 6, EV 82.5 MPH)
|
|
Batting: RHB Ferdi Schipper
|
0-0: Reached on error, E6 (Groundball, 6, EV 86.9 MPH)
|
|
Batting: SHB Tyler Romo
|
0-0: Called Strike 0-1: Ball 1-1: Called Strike 1-2: Foul Ball, location: 2F 1-2: Fly out, F8 (Flyball, 8LS, EV 86.3 MPH)
|
|
Batting: RHB Luis Reyna
|
0-0: Foul Ball, location: 2F 0-1: Ground out U3 (Groundball, 13, EV 90.0 MPH)
|
| Bottom of the 5th over - 0 runs, 0 hits, 1 error, 1 left on base; Americus 4 - Amarillo 1 |
| TOP OF THE 6TH |
|
Americus Braves batting - Pitching for Amarillo ThunderHeads : LHP Victor Carde
|
|
Batting: LHB Erik Gretzky
|
0-0: Ball 1-0: Ball 2-0: SINGLE (Flyball, 34D, EV 93.1 MPH)
|
|
Batting: RHB Josh McCormick
|
0-0: Foul Ball, location: 2F 0-1: Called Strike 0-2: Ball 1-2: Strikes out swinging
|
|
Batting: SHB Jordan Barragan
|
0-0: Called Strike 0-1: Called Strike Erik Gretzky steals 2nd base 0-2: Strikes out swinging
|
|
Batting: RHB Terry Hughes
|
0-0: Intentional Walk
|
|
Batting: RHB George Provance
|
0-0: Ball 1-0: Fly out, F4 (Line Drive, 4, EV 67.5 MPH)
|
| Top of the 6th over - 0 runs, 1 hit, 0 errors, 2 left on base; Americus 4 - Amarillo 1 |
| BOTTOM OF THE 6TH |
|
Amarillo ThunderHeads batting - Pitching for Americus Braves : RHP Ioakim Mozgo
|
|
Batting: RHB Ron Squires
|
0-0: Called Strike 0-1: Ball 1-1: Ball 2-1: Foul Ball, location: 2F 2-2: Strikes out swinging
|
|
Batting: RHB Nick Solberg
|
0-0: Called Strike 0-1: Called Strike 0-2: Ball 1-2: Foul Ball, location: 2F 1-2: Ground out 6-3 (Groundball, P, EV 79.4 MPH)
|
|
Batting: LHB Santino Pisanello
|
0-0: Ground out 4-3 (Groundball, 4, EV 111.3 MPH)
|
| Bottom of the 6th over - 0 runs, 0 hits, 0 errors, 0 left on base; Americus 4 - Amarillo 1 |
| TOP OF THE 7TH |
|
Americus Braves batting - Pitching for Amarillo ThunderHeads : LHP Victor Carde
|
|
Pitching: RHP Torsten Fisher
|
|
|
Batting: LHB Mark Dearth
|
0-0: Called Strike 0-1: Ball 1-1: Foul Ball, location: 2F 1-2: Foul Ball, location: 2F 1-2: Strikes out swinging
|
|
Batting: RHB Joe Young
|
0-0: Ball 1-0: Ball 2-0: Ball 3-0: Base on Balls
|
|
Batting: SHB Jose Melendez
|
0-0: Ball Joe Young steals 2nd base 1-0: Swinging Strike 1-1: Foul Ball, location: 2F 1-2: Ball 2-2: Foul Ball, location: 2F 2-2: Foul Ball, location: 2F 2-2: Strikes out swinging
|
|
Batting: RHB Hisayuki Akiyama
|
0-0: Ball 1-0: Swinging Strike 1-1: Foul Ball, location: 2F 1-2: Foul Ball, location: 2F 1-2: Ball 2-2: Ball 3-2: Foul Ball, location: 2F 3-2: 2-RUN HOME RUN (Flyball, 7LD, EV 90.6 MPH), Distance : 335 ft
|
|
Batting: LHB Erik Gretzky
|
0-0: Called Strike 0-1: Foul Ball, location: 2F 0-2: Strikes out swinging
|
| Top of the 7th over - 2 runs, 1 hit, 0 errors, 0 left on base; Americus 6 - Amarillo 1 |
| BOTTOM OF THE 7TH |
|
Amarillo ThunderHeads batting - Pitching for Americus Braves : RHP Ioakim Mozgo
|
|
Batting: RHB Kelly Cole
|
0-0: Ball 1-0: Ball 2-0: SINGLE (Groundball, 25, EV 66.9 MPH) (infield hit)
|
|
Batting: RHB Elias Sagrero
|
0-0: Foul Ball, location: 2F 0-1: Ball 1-1: Ball 2-1: Called Strike 2-2: Foul Ball, location: 2F 2-2: Strikes out swinging
|
|
Batting: RHB Luis Solorzano
|
0-0: Fielders Choice at 2nd, 6-4 (Groundball, 56, EV 96.9 MPH)
|
|
Batting: RHB Ferdi Schipper
|
0-0: Called Strike 0-1: Swinging Strike 0-2: Strikes out swinging
|
| Bottom of the 7th over - 0 runs, 1 hit, 0 errors, 1 left on base; Americus 6 - Amarillo 1 |
| TOP OF THE 8TH |
|
Americus Braves batting - Pitching for Amarillo ThunderHeads : RHP Torsten Fisher
|
|
Batting: RHB Josh McCormick
|
0-0: Swinging Strike 0-1: Ball 1-1: Ball 2-1: Ball 3-1: Called Strike 3-2: SINGLE (Flyball, 3D, EV 93.8 MPH)
|
|
Batting: SHB Jordan Barragan
|
0-0: Called Strike 0-1: Swinging Strike 0-2: Ball 1-2: Foul Ball, location: 2F 1-2: Strikes out swinging
|
|
Batting: RHB Terry Hughes
|
0-0: Called Strike 0-1: Foul Ball, location: 2F 0-2: Strikes out swinging
|
|
Pitching: LHP Kevin Anderson
|
|
|
Batting: RHB George Provance
|
0-0: Foul Ball, location: 2F 0-1: Ball 1-1: Ball Wild Pitch! Josh McCormick to second 2-1: Ball 3-1: Swinging Strike Passed Ball! Josh McCormick to third 3-2: Strikes out swinging
|
| Top of the 8th over - 0 runs, 1 hit, 0 errors, 1 left on base; Americus 6 - Amarillo 1 |
| BOTTOM OF THE 8TH |
|
Amarillo ThunderHeads batting - Pitching for Americus Braves : RHP Ioakim Mozgo
|
|
Batting: SHB Tyler Romo
|
0-0: Foul Ball, location: 2F 0-1: Ball 1-1: Ball 2-1: Foul Ball, location: 2F 2-2: Strikes out swinging
|
|
Pitching: RHP Andrew Hodges
|
|
|
Batting: RHB Luis Reyna
|
0-0: Ball 1-0: SINGLE (Groundball, 4M, EV 104.4 MPH) (infield hit)
|
|
Batting: RHB Ron Squires
|
0-0: Ball 1-0: Foul Ball, location: 2F 1-1: Ball 2-1: Called Strike 2-2: Foul Ball, location: 2F 2-2: Strikes out swinging
|
|
Batting: RHB Nick Solberg
|
0-0: Ball 1-0: Called Strike 1-1: Foul Ball, location: 2F 1-2: Ball 2-2: Strikes out looking
|
| Bottom of the 8th over - 0 runs, 1 hit, 0 errors, 1 left on base; Americus 6 - Amarillo 1 |
| TOP OF THE 9TH |
|
Americus Braves batting - Pitching for Amarillo ThunderHeads : LHP Kevin Anderson
|
|
Batting: LHB Mark Dearth
|
0-0: Ball 1-0: Called Strike 1-1: SINGLE (Line Drive, 89S, EV 111.9 MPH)
|
|
Batting: RHB Joe Young
|
0-0: Ball Passed Ball! Mark Dearth to second 1-0: Intentional Walk
|
|
Batting: SHB Jose Melendez
|
0-0: Foul Ball, location: 2F 0-1: Ball 1-1: Ball 2-1: Ball 3-1: Called Strike 3-2: Base on Balls Mark Dearth to third Joe Young to second
|
|
Batting: RHB Hisayuki Akiyama
|
0-0: Called Strike 0-1: Called Strike 0-2: Ball 1-2: Ball 2-2: Ball 3-2: Foul Ball, location: 2F 3-2: Strikes out swinging
|
|
Batting: LHB Erik Gretzky
|
0-0: Foul Ball, location: 2F 0-1: Foul Ball, location: 2F 0-2: Ball 1-2: Fielders Choice at 2nd, 3-6 (Groundball, 3, EV 80.0 MPH) Mark Dearth scores Joe Young to third
|
|
Batting: RHB Josh McCormick
|
0-0: Called Strike 0-1: Called Strike 0-2: Foul Ball, location: 2F 0-2: Fly out, F1 (Line Drive, P, EV 66.3 MPH)
|
| Top of the 9th over - 1 run, 1 hit, 0 errors, 2 left on base; Americus 7 - Amarillo 1 |
| BOTTOM OF THE 9TH |
|
Amarillo ThunderHeads batting - Pitching for Americus Braves : RHP Andrew Hodges
|
|
Batting: LHB Santino Pisanello
|
0-0: Ground out 4-3 (Groundball, 4, EV 84.4 MPH)
|
|
Batting: RHB Kelly Cole
|
0-0: Ball 1-0: Ball 2-0: Foul Ball, location: 2F 2-1: Foul Ball, location: 2F 2-2: Fly out, F8 (Line Drive, 8LD, EV 101.9 MPH)
|
|
Batting: RHB Elias Sagrero
|
0-0: Foul Ball, location: 2F 0-1: Called Strike 0-2: Ball 1-2: Ball 2-2: Strikes out looking
|
| Bottom of the 9th over - 0 runs, 0 hits, 0 errors, 0 left on base; Americus 7 - Amarillo 1 |
|